 Dungeon Crawl Stone Soup version 0.13-a0-2244-g236abbe (webtiles) character file.

254 JacquesDerrida the Bolt Thrower (level 5, 19/30 HPs)
             Began as a Kobold Hunter on July 5, 2013.
             Quit the game on Level 3 of the Dungeon.
             The game lasted 00:04:35 (2688 turns).

JacquesDerrida the Bolt Thrower (Kobold Hunter)     Turns: 2688, Time: 00:04:35

HP  19/30        AC  3     Str 12      XL: 5   Next: 21%
MP   4/4         EV 13     Int 10      God:
Gold 138         SH  0     Dex 15      Spells:  0 memorised,  4 levels left

Res.Fire  : . . .   See Invis. : +   a - +2,+1 dagger (pain)
Res.Cold  : . . .   Warding    : .   d - +0 leather armour
Life Prot.: . . .   Conserve   : .   (no shield)
Res.Poison: .       Res.Corr.  : .   (no helmet)
Res.Elec. : .       Clarity    : .   (no cloak)
Sust.Abil.: . .     Spirit.Shd : .   (no gloves)
Res.Mut.  : .       Stasis     : .   (no boots)
Res.Rott. : .       Flight     : .   (no amulet)
Saprovore : + + .                    q - ring of flight
                                     i - ring of see invisible {unknown}

@: slightly resistant to hostile enchantments, unstealthy
A: disease resistance, carnivore 3, saprovore 2
a: Evoke Flight


You were on level 3 of the Dungeon.
You were very full.

You visited 1 branch of the dungeon, and saw 3 of its levels.

You collected 118 gold pieces.

Inventory:

Hand weapons
 a - a +2,+1 dagger of pain (weapon)
 b - a +1,+1 crossbow
Missiles
 c - 14 bolts
 m - 18 poisoned needles
Armour
 d - a +0 leather armour (worn)
Comestibles
 f - a meat ration
Scrolls
 e - a scroll of curse jewellery {unknown}
 h - 4 scrolls of identify {unknown}
 j - a scroll of teleportation {unknown}
 o - a scroll of remove curse {unknown}
 p - a scroll of fog {unknown}
 r - a scroll of amnesia {unknown}
 s - 2 scrolls of recharging {unknown}
Jewellery
 i - a ring of see invisible (left hand) {unknown}
 q - a ring of flight (right hand)
Potions
 g - a potion of heal wounds {unknown}
 k - 2 potions of curing {unknown}
 l - a potion of poison {unknown}
 n - 2 potions of slowing {unknown}
 t - a potion of magic {unknown}
 u - a potion of restore abilities {unknown}
 v - a potion of might {unknown}


   Skills:
 - Level 1.1 Fighting
 + Level 7.4 Crossbows
 - Level 2.4 Dodging
 - Level 1.3 Stealth


You had 4 spell levels left.
You didn't know any spells.

Dungeon Overview and Level Annotations

Branches:
Dungeon (3/27)

Altars:


Innate Abilities, Weirdness & Mutations

You recuperate from illness quickly.
You are small and have problems with some larger weapons.
You are carnivorous and can eat meat at any time.
You can eat rotten meat.


Message History

The dart hits you! The orc hits you but does no damage.
An adder comes into view.
You see here a dart.
The bat hits you but does no damage.
The kobold throws a dart.
The dart hits you!
You see here a dart.
An orc comes into view. It is wielding an orcish whip.
The orc shouts!
The bat misses you.
The hobgoblin hits you with an orcish club.
A quokka and an orc come into view.
An orc comes into view. It is wielding an orcish short sword.
The orc shouts!
The bat hits you. The orc closely misses you.
An orc comes into view.
The orc shouts!
The bat barely misses you. The bat barely misses you.
Unknown command.
Are you sure you want to abandon this character and quit the game? (Confirm with "yes".)

############
#..........#
#..).......###
#.............
#...(.........
#............. #
#..(.........
##...######o(..........
...or.oo@bgoJ...J......
##..o######gSK........
# #....%.S...
.......... ..........
..####### ... ... .


You could see 2 oozes, an adder, 6 orcs, a quokka, 2 hobgoblins, a bat and a
kobold.

Vanquished Creatures
  An orc priest (D:3)
  Terence (D:2)
  A giant mite (D:2)
  A worm (D:2)
  4 giant geckos
  3 orcs (D:3)
  5 bats
  3 giant cockroaches
  3 hobgoblins (D:2)
  4 jackals (D:1)
  8 kobolds
  A quokka (D:2)
  2 ball pythons
  3 giant newts
  6 goblins
  8 rats
54 creatures vanquished.

Vanquished Creatures (others)
  A hobgoblin (D:1)
  A goblin (D:1)
2 creatures vanquished.

Grand Total: 56 creatures vanquished

Notes
Turn   | Place    | Note
--------------------------------------------------------------
     0 | D:1      | JacquesDerrida, the Kobold Hunter, began the quest for the Orb.
     0 | D:1      | Reached XP level 1. HP: 12/12 MP: 0/0
   145 | D:1      | Reached skill level 5 in Crossbows
   207 | D:1      | Reached XP level 2. HP: 7/17 MP: 1/1
   859 | D:1      | Reached XP level 3. HP: 21/21 MP: 2/2
  1212 | D:2      | Noticed Terence
  1224 | D:2      | Killed Terence
  1224 | D:2      | Reached skill level 6 in Crossbows
  2069 | D:2      | Reached XP level 4. HP: 16/26 MP: 3/3
  2557 | D:3      | Reached skill level 7 in Crossbows
  2557 | D:3      | Reached XP level 5. HP: 25/30 MP: 4/4
  2688 | D:3      | Quit the game

Action                   |  1- 3 |  4- 6 || total
-------------------------+-------+-------++-------
Melee: Short sword       |   100 |       ||   100
       Dagger            |    35 |    45 ||    80
 Fire: Crossbow          |    19 |    13 ||    32
 Stab: Sleeping          |     1 |       ||     1
       Distracted        |       |     1 ||     1
